Map: Ruins of Seras

Players

Arthas - Winner!

  • Race: Zerg Zerg
  • League: Platinum

LilStomper

  • Race: Protoss Protoss
  • League: Platinum

VOD

Have the link to the VOD?

Description

Time

  • Played on: Feb. 24, 2016, 10:13 p.m.
  • Length: 15:13
Show
View Real Time Build Order
Export as new Build Order

Arthas Zerg - Winner!

Build Orders: Hatch First, Lurkers 

Get SALT Encoding   

  12  0:01  Drone  
  13  0:12  Overlord  
  13  0:18  Drone  
  14  0:31  Drone x2  
  14  0:34  Drone  
  17  0:55  Hatchery  
  16  0:58  Drone  
  16  1:01  Drone  
  18  1:06  Extractor  
  17  1:16  Spawning Pool  
  16  1:19  Drone  
  16  1:25  Drone  
  18  1:30  Drone  
  19  1:40  Overlord  
  19  1:49  Drone  
  20  2:04  Queen  
  20  2:05  Zergling x2  
  23  2:08  Metabolic Boost  
  23  2:10  Queen  
  23  2:13  Zergling x2  
  26  2:16  Zergling x2  
  26  2:19  Drone  
  28  2:25  Drone  
  29  2:30  Overlord  
  29  2:37  Drone  
  29  2:39  Drone  
  29  2:42  Queen  
  33  3:01  Hatchery  
  33  3:02  Drone  
  33  3:04  Drone  
  33  3:05  Drone  
  35  3:15  Drone x4  
  39  3:20  Overlord  
  39  3:47  Drone  
  39  3:48  Drone x5  
  45  3:54  Extractor  
  45  3:55  Spore Crawler x2  
  43  3:57  Drone x7  
  49  4:04  Roach Warren  
  48  4:19  Drone  
  48  4:20  Drone x3  
  52  4:24  Extractor x2  
  50  4:32  Overlord x2  
  50  4:34  Drone x4  
  50  4:38  Lair  
  54  5:02  Drone x5  
  54  5:03  Evolution Chamber, Drone  
  54  5:05  Evolution Chamber  
  58  5:15  Roach x4  
  58  5:18  Overlord x2  
  66  5:22  Spore Crawler  
  66  5:27  Drone  
  66  5:32  Zerg Ground Armor Level 1, Zerg Missile Weapons Level 1  
  65  5:45  Hydralisk Den  
  65  5:47  Drone  
  65  5:48  Drone x11  
  76  5:51  Extractor x2  
  76  5:52  Zergling x2  
  76  5:53  Zergling x4  
  76  5:57  Roach x2  
  81  6:04  Overseer  
  81  6:08  Glial Reconstitution  
  81  6:10  Overlord x2  
  81  6:12  Overseer  
  81  6:19  Overlord x2  
  81  6:20  Overlord  
  81  6:32  Lurker Den  
  81  6:33  Hydralisk x4  
  89  6:51  Drone  
  89  6:52  Drone x7  
  97  7:11  Spire  
  93  7:23  Zergling x2  
  93  7:24  Zergling x32  
  110  7:37  Drone x4  
  110  7:38  Drone  
  110  7:42  Hatchery  
  114  7:54  Zerg Ground Armor Level 2, Zerg Missile Weapons Level 2  
  114  7:58  Drone x2  
  116  7:59  Infestation Pit, Overlord x2  
  116  8:01  Muscular Augments  
  114  8:09  Lurker x4  
  117  8:24  Drone x4  
  120  8:27  Corruptor x7  
  120  8:28  Corruptor  
  120  8:30  Overlord x2  
  136  8:45  Extractor, Corruptor  
  137  8:50  Extractor  
  137  8:55  Overlord x3, Corruptor  
  138  8:57  Queen  
  140  9:14  Hydralisk x9  
  140  9:15  Hydralisk x3  
  164  9:28  Queen  
  166  9:33  Hive  
  166  9:36  Zerg Flyer Armor Level 1  
  166  9:49  Drone x4  
  166  9:51  Overlord x2  
  170  9:53  Corruptor x4  
  170  9:57  Hydralisk x2  
  182  10:19  Lurker x4  
  186  10:26  Roach x8  
  196  10:43  Drone x2  
  198  11:03  Extractor  
  197  11:06  Hatchery  
  197  11:10  Extractor  
  195  11:15  Overseer  
  195  11:24  Pneumatized Carapace  
  195  11:37  Corruptor  
  195  11:38  Corruptor x2  
  177  12:04  Drone x4  
  176  12:09  Overseer  
  176  12:11  Hydralisk x11  
  198  12:26  Greater Spire  
  191  12:38  Overseer  
  191  12:41  Hydralisk x13  
  162  12:51  Zergling x2  
  162  12:52  Zergling x14  
  152  12:59  Zergling x4  
  152  13:00  Zergling x2  
  152  13:03  Roach  
  135  13:22  Hydralisk x9  
  135  13:26  Hydralisk  
  135  13:27  Hydralisk x4  
  146  13:52  Drone x4  
  146  13:53  Drone x2  
  152  14:00  Drone x3  
  156  14:18  Brood Lord x3  
  160  14:31  Drone x3  
  165  14:32  Drone x2  
Show
View Real Time Build Order
Export as new Build Order

LilStomper Protoss 

Build Orders: Nexus First 

Get SALT Encoding   

  12  0:02  Probe (Chrono Boost)  
  13  0:12  Probe (Chrono Boost)  
  14  0:18  Pylon  
  14  0:23  Probe (Chrono Boost)  
  15  0:37  Probe (Chrono Boost)  
  16  0:47  Probe (Chrono Boost)  
  17  1:01  Nexus  
  17  1:06  Probe (Chrono Boost)  
  17  1:11  Pylon  
  18  1:19  Gateway  
  18  1:23  Assimilator  
  19  1:25  Probe (Chrono Boost)  
  19  1:32  Pylon  
  19  1:36  Probe (Chrono Boost)  
  20  1:46  Probe (Chrono Boost)  
  21  1:57  Probe (Chrono Boost)  
  22  2:07  Probe (Chrono Boost), Cybernetics Core  
  23  2:12  Pylon, Assimilator  
  23  2:18  Probe (Chrono Boost)  
  23  2:21  Probe (Chrono Boost)  
  27  2:22  Zealot  
  27  2:29  Probe (Chrono Boost)  
  28  2:34  Probe (Chrono Boost)  
  28  2:42  Probe (Chrono Boost)  
  28  2:43  Gateway  
  29  2:44  Warp Gate  
  29  2:51  Mothership Core (Chrono Boost)  
  31  2:53  Probe (Chrono Boost)  
  32  3:04  Probe (Chrono Boost)  
  33  3:09  Probe (Chrono Boost)  
  34  3:14  Probe (Chrono Boost)  
  36  3:20  Probe (Chrono Boost), Stargate  
  36  3:25  Probe (Chrono Boost)  
  37  3:27  Adept  
  37  3:30  Probe (Chrono Boost)  
  37  3:31  Adept  
  42  3:36  Probe (Chrono Boost)  
  42  3:41  Probe (Chrono Boost), Pylon  
  44  3:46  Probe (Chrono Boost)  
  45  3:51  Probe (Chrono Boost)  
  46  3:57  Probe (Chrono Boost), Robotics Facility  
  46  4:01  Adept x2, Probe (Chrono Boost)  
  52  4:07  Probe  
  53  4:10  Probe  
  53  4:14  Oracle (Chrono Boost)  
  57  4:19  Probe, Assimilator  
  57  4:21  Probe, Assimilator  
  59  4:31  Probe  
  59  4:32  Probe  
  61  4:43  Probe  
  62  4:46  Twilight Council  
  62  4:49  Forge  
  62  5:02  Gateway  
  62  5:03  Gateway  
  62  5:05  Pylon  
  62  5:07  Pylon  
  62  5:14  Protoss Ground Weapons Level 1  
  62  5:21  Probe  
  62  5:23  Probe, Stalker x2, Observer  
  62  5:27  Charge (Chrono Boost)  
  69  5:33  Probe  
  69  5:35  Probe  
  71  5:45  Probe  
  71  5:47  Probe  
  71  5:48  Gateway  
  71  5:49  Gateway  
  73  5:54  Immortal (Chrono Boost)  
  78  5:57  Probe  
  78  6:01  Pylon  
  78  6:15  Probe  
  78  6:19  Probe  
  78  6:23  Nexus  
  78  6:24  Pylon  
  79  6:26  Zealot x3  
  85  6:36  Pylon  
  85  6:40  Pylon  
  85  6:41  Pylon  
  85  6:43  Immortal (Chrono Boost)  
  85  6:45  Zealot  
  91  6:52  Probe  
  91  6:53  Protoss Ground Armor Level 1, Probe, Pylon  
  93  6:58  Adept x3  
  99  7:05  Resonating Glaives  
  99  7:18  Zealot x3  
  105  7:27  Pylon x2  
  105  7:29  Pylon  
  104  7:30  Pylon  
  104  7:32  Pylon  
  104  7:34  Robotics Bay  
  104  7:36  Immortal (Chrono Boost)  
  108  7:37  Templar Archives  
  108  7:41  Zealot x2  
  108  7:43  Probe  
  113  7:48  Probe  
  113  7:49  Probe  
  115  7:52  Sentry  
  115  7:56  Stalker x2  
  121  8:00  Probe  
  122  8:09  Zealot x3  
  128  8:13  Warp Prism (Chrono Boost)  
  130  8:22  Dark Shrine  
  130  8:26  Assimilator, Stalker x3  
  130  8:27  Assimilator  
  136  8:32  Stalker x2  
  140  8:37  Psionic Storm  
  140  8:50  High Templar x3  
  146  8:56  Zealot x2  
  146  8:57  Zealot  
  152  9:05  Protoss Ground Weapons Level 2  
  152  9:14  Observer (Chrono Boost)  
  153  9:30  Pylon  
  153  9:31  Pylon  
  153  9:32  Observer (Chrono Boost)  
  153  9:33  Adept x2  
  153  9:34  Adept x4  
  153  9:35  Gateway x2  
  166  9:38  Gateway x2  
  166  9:51  Observer (Chrono Boost)  
  167  9:57  High Templar x2  
  171  10:21  Stalker  
  173  10:26  Nexus  
  173  10:37  Pylon  
  173  10:38  Pylon  
  173  10:40  Pylon  
  173  10:41  Photon Cannon  
  173  10:42  Pylon, Photon Cannon x2  
  173  10:43  Photon Cannon  
  173  10:44  Photon Cannon  
  173  11:01  Dark Templar x7  
  184  11:26  Observer (Chrono Boost)  
  184  11:44  Zealot  
  184  11:45  Zealot x8  
  200  11:52  Protoss Ground Armor Level 2  
  194  12:07  Gateway  
  194  12:08  Gateway  
  192  12:09  Gateway  
  192  12:13  Zealot  
  192  12:14  Zealot  
  192  12:15  Zealot  
  198  12:19  Nexus  
  192  12:22  Pylon  
  192  12:24  Pylon  
  192  12:26  Pylon  
  102  12:52  Archon  
  102  12:53  Zealot  
  102  12:54  Zealot x8  
  102  12:55  Zealot  
  73  13:21  Stalker  
  73  13:22  Stalker x5  
  73  13:23  Stalker x2  
  73  13:24  Stalker x2  
  93  13:33  Immortal (Chrono Boost)  
  89  13:48  High Templar x6  
  93  13:49  High Templar x3  
  93  13:52  Archon x4  
  93  13:55  High Templar  
  109  14:00  Archon  
  105  14:10  Zealot x3  
  111  14:22  Assimilator  
  111  14:27  Assimilator  
  111  14:30  Immortal (Chrono Boost)  
  115  14:48  Zealot x3  
  115  14:49  Zealot x3  
Tags
 
Add a new tag
Caveats
  • Supply blocks, unpowered buildings, or Contaminate may cause inaccurate times.
  • Supply counts are checked every 10 seconds.